 Dungeon Crawl Stone Soup version 0.26-a0-537-g96b2eae49b (webtiles) character file.

Game seed: 15469653914778557182

460432 ANON1729 the Imperceptible (level 25, 0/156 HPs)
             Began as a Kobold Brigand on Aug 14, 2020.
             Was the Champion of Wu Jian.
             Slain by a spriggan defender
             ... wielding a +2 quick blade
             ... led by the Enchantress
              (1 damage)
             ... on level 3 of the Depths.
             The game lasted 03:55:55 (70583 turns).

ANON1729 the Imperceptible (Kobold Brigand)        Turns: 70583, Time: 03:55:55

Health: 0/156      AC: 18    Str: 21    XL:     25   Next: 69%
Magic:  38/38      EV: 36    Int: 25    God:    Wu Jian [******]
Gold:   2650       SH:  0    Dex: 30    Spells: 17/47 levels left

rFire    + . .     SeeInvis +   O - +7 pair of quick blades "Gyre" and "Gimble" {protect}
rCold    + + +     Faith    +   (shield currently unavailable)
rNeg     + . .     Spirit   .   Q - +2 leather armour of the Catamount {Int+8}
rPois    .         Reflect  .   V - +0 hat "Nata" {rN+ MR+ Int+4 Dex-3}
rElec    +         Harm     .   Z - scarf {repulsion}
rCorr    +         NoTele   +   o - +3 pair of gauntlets of War {Slay+5}
MR       +....                  f - +1 pair of boots of the Elven Halls {MR- rCorr Dex+6 SInv}
Stlth    ++++++++++             m - amulet of the Ancient Princes {Faith Str+6}
HPRegen  0.36/turn              D - ring of Hepliaklqana's Grace {*Contam rElec rC+ Str+6 Stlth+}
MPRegen  0.26/turn              Y - ring "Laolere" {*Corrode +Inv rF+ rC++ SInv}

@: cannot translocate, protection aura, studying Dodging, repel missiles
A: small, nightstalker 3
}: 2/15 runes: barnacled, gossamer
a: Wall Jump, Serpent's Lash, Heavenly Storm, Renounce Religion, Evoke
Invisibility


You were on level 3 of the Depths.
You worshipped Wu Jian.
Wu Jian was exalted by your worship.
You visited 9 branches of the dungeon, and saw 42 of its levels.
You also visited: Ossuary, Gauntlet and Ice Cave.

You collected 6462 gold pieces.
You spent 3812 gold pieces at shops.

Inventory:

Hand Weapons
 L - the +9 rapier "Hell-Harrower" {vorpal, rF+ Int-2 Dex+2}
   (You bought it in a shop on level 5 of the Dungeon)

   It inflicts extra damage upon your enemies.
   It affects your intelligence (-2).
   It affects your dexterity (+2).
   It protects you from fire.
 O - the +7 pair of quick blades "Gyre" and "Gimble" (weapon) {protect}
   (You found it on level 3 of the Vaults)

   It grants its wielder temporary protection when it strikes (+7 to AC).
Missiles
 h - 3 datura-tipped darts (quivered)
 N - 11 atropa-tipped darts
 X - 10 curare-tipped darts
Armour
 f - the +1 pair of boots of the Elven Halls (worn) {MR- rCorr Dex+6 SInv}
   (You found it in a Gauntlet)

   It affects your dexterity (+6).
   It affects your resistance to hostile enchantments.
   It lets you see invisible.
   It provides partial protection from all sources of acid and corrosion.
 o - the +3 pair of gauntlets of War (worn) {Slay+5}
   (You acquired it on level 1 of the Elven Halls)

   It affects your accuracy and damage with ranged weapons and melee attacks
   (+5).
 x - a +3 buckler
 E - the +1 robe of Fofu {+Blink rN++ rCorr}
   (You bought it in a shop on level 2 of the Orcish Mines)

   It greatly protects you from negative energy.
   It lets you blink.
   It provides partial protection from all sources of acid and corrosion.
 Q - the +2 leather armour of the Catamount (worn) {Int+8}
   (You found it in a Gauntlet)

   It affects your intelligence (+8).
 V - the +0 hat "Nata" (worn) {rN+ MR+ Int+4 Dex-3}
   (You found it on level 12 of the Dungeon)

   It affects your intelligence (+4).
   It affects your dexterity (-3).
   It protects you from negative energy.
   It affects your resistance to hostile enchantments.
 Z - a scarf of repulsion (worn)
Jewellery
 m - the amulet of the Ancient Princes (around neck) {Faith Str+6}
   (You took it off a deep elf knight on level 3 of the Elven Halls)

   [amulet of faith]

   It allows you to gain divine favour quickly.
   It affects your strength (+6).
 u - the ring of the Establishment {Str+6 Slay+2}
   (You found it on level 2 of the Depths)

   [ring of strength]

   It affects your strength (+6).
   It affects your accuracy and damage with ranged weapons and melee attacks
   (+2).
 D - the ring of Hepliaklqana's Grace (left hand) {*Contam rElec rC+ Str+6 Stlth+}
   (You took it off a deep elf sorcerer on level 3 of the Elven Halls)

   [ring of stealth]

   It affects your strength (+6).
   It protects you from cold.
   It insulates you from electricity.
   It causes magical contamination when unequipped.
   It makes you more stealthy.
 S - the brooch of Shielding {Spirit SH+8}
   (You found it on level 3 of the Shoals)

   [amulet of guardian spirit]

   It causes incoming damage to be split between your health and magic.
   It affects your SH (+8).
 Y - the ring "Laolere" (right hand) {*Corrode +Inv rF+ rC++ SInv}
   (You found it in a Gauntlet)

   [ring of protection from fire]

   It protects you from fire.
   It greatly protects you from cold.
   It lets you see invisible.
   It lets you turn invisible.
   It may corrode you when you take damage.
Wands
 a - a wand of flame (73)
 d - a wand of paralysis (29)
 e - a wand of digging (11)
 j - a wand of acid (19)
 F - a wand of enslavement (8)
 M - a wand of disintegration (40)
 U - a wand of iceblast (28)
Scrolls
 b - a scroll of summoning
 c - 8 scrolls of identify
 l - 21 scrolls of teleportation
 n - 10 scrolls of magic mapping
 p - 8 scrolls of fear
 q - 9 scrolls of immolation
 v - 11 scrolls of fog
 B - 23 scrolls of remove curse
 C - 5 scrolls of blinking
 I - 2 scrolls of silence
Potions
 g - 5 potions of flight
 i - 9 potions of invisibility
 k - 10 potions of heal wounds
 r - 15 potions of stabbing
 s - 11 potions of brilliance
 z - 32 potions of curing
 A - 10 potions of haste
 G - 5 potions of mutation
 H - 4 potions of ambrosia
 P - 4 potions of berserk rage
 R - 6 potions of might
 T - 4 potions of resistance
 W - 7 potions of cancellation
Books
 J - a manual of Dodging
Miscellaneous
 t - a condenser vane (2/2)
 w - a lightning rod (4/4)
 y - a phantom mirror
 K - a box of beasts (3/3)


   Skills:
 * Level 15.3 Fighting
 + Level 22.4 Short Blades
 + Level 11.3 Throwing
 - Level 3.0 Armour
 * Level 19.7 Dodging
 * Level 26.8 Stealth
 - Level 5.6 Shields
 + Level 11.9 Spellcasting
 * Level 14.9 Hexes
 * Level 5.8 Necromancy
 * Level 7.2 Transmutations
 - Level 3.0 Fire Magic
 * Level 17.4 Evocations


You had 17 spell levels left.
You knew the following spells:

 Your Spells              Type           Power        Failure   Level
a - Cause Fear            Hex            ######....   1%          4
b - Invisibility          Hex            ######..     1%          6
c - Slow                  Hex            ######..     0%          2
d - Confusing Touch       Hex            ######..     1%          3
e - Inner Flame           Hex/Fire       ######..     1%          3
f - Wereblood             Tmut           ######..     1%          2
g - Animate Skeleton      Necr           #####.       1%          1
h - Yara's Violent Unrav  Hex/Tmut       ######....   1%          5
i - Animate Dead          Necr           #####.....   4%          4

Your spell library contained the following spells:

 Spells                   Type           Power        Failure   Level
 Beastly Appendage        Tmut           ######       1%          1
 Pain                     Necr           ####         1%          1
 Corpse Rot               Necr/Air       N/A          1%          2
 Portal Projectile        Hex/Tloc       ######       1%          3
 Tukima's Dance           Hex            ######..     1%          3
 Vampiric Draining        Necr           #####.....   1%          3
 Foxfire                  Conj/Fire      ###.         2%          1
 Leda's Liquefaction      Hex/Erth       ######....   2%          4
 Spider Form              Tmut/Pois      ####......   3%          3
 Apportation              Tloc           ##....       4%          1
 Freeze                   Ice            ##..         4%          1
 Magic Dart               Conj           ##..         4%          1
 Shock                    Conj/Air       ##..         4%          1
 Blade Hands              Tmut           ######....   6%          5
 Metabolic Englaciation   Hex/Ice        ######....   6%          5
 Summon Mana Viper        Hex/Summ       ######..     6%          5
 Blink                    Tloc           N/A          7%          2
 Call Imp                 Summ           ##......     7%          2
 Swiftness                Air            ##......     7%          2
 Conjure Flame            Conj/Fire      ###.....     8%          3
 Ice Form                 Ice/Tmut       ####....     11%         4
 Agony                    Necr           #####...     12%         5
 Call Canine Familiar     Summ           ##......     14%         3
 Frozen Ramparts          Ice            ##....       14%         3
 Gell's Gravitas          Tloc           ##........   14%         3
 Lesser Beckoning         Tloc           ##........   14%         3
 Mephitic Cloud           Conj/Pois/Air  ##......     14%         3
 Ozocubu's Armour         Ice            ##......     14%         3
 Static Discharge         Conj/Air       ##......     14%         3
 Stone Arrow              Conj/Erth      ##....       14%         3
 Sticky Flame             Conj/Fire      ###.....     26%         4
 Alistair's Intoxication  Tmut/Pois      ####.....    28%         5
 Hydra Form               Tmut           ######....   34%         6
 Airstrike                Air            ##........   43%         4
 Hailstorm                Conj/Ice       ##......     43%         4
 Summon Ice Beast         Ice/Summ       ##......     43%         4
 Summon Lightning Spire   Summ/Air       ##......     43%         4
 Discord                  Hex            ######....   54%         8
 Fireball                 Conj/Fire      ###.......   56%         5
 Bolt of Magma            Conj/Fire/Erth ###.......   65%         5
 Iskenderun's Battlesphe  Conj           ##......     78%         5
 Lightning Bolt           Conj/Air       ##........   78%         5
 Summon Demon             Summ           ##........   78%         5
 Summon Forest            Summ/Tloc      ##........   78%         5
 Eringya's Noxious Bog    Tmut/Pois      ####......   85%         6
 Dispersal                Tloc           ##........   100%        6
 Iron Shot                Conj/Erth      ##........   100%        6
 Shadow Creatures         Summ           N/A          100%        6
 Haunt                    Necr/Summ      ####......   100%        7
 Orb of Destruction       Conj           ##........   100%        7
 Spellforged Servitor     Conj/Summ      ##........   100%        7
 Summon Hydra             Summ           ##........   100%        7
 Borgnjor's Revivificati  Necr           #####.....   100%        8
 Disjunction              Tloc           ##........   100%        8
 Infestation              Necr           #####.....   100%        8
 Necromutation            Tmut/Necr      #####.....   100%        8
 Death's Door             Necr           #####.....   100%        9
 Tornado                  Air            ##........   100%        9


Dungeon Overview and Level Annotations

Branches:
Dungeon (15/15)            Temple (1/1) D:4            Lair (6/6) D:8
 Shoals (4/4) Lair:2       Spider (4/4) Lair:2        Slime (0/5) Lair:5
    Orc (2/2) D:9             Elf (3/3) Orc:2        Vaults (4/5) D:13
  Crypt (0/3) Vaults:2     Depths (3/5) D:15        Ossuary (visited)
  IceCv (visited)         Gauntlet (visited)

Altars:
Ashenzari
Cheibriados
Dithmenos
Elyvilon
Fedhas
Gozag
Hepliaklqana
Kikubaaqudgha
Makhleb
Nemelex Xobeh
Okawaru
Qazlal
Ru
Sif Muna
Trog
Uskayaw
Vehumet
Wu Jian
Xom
Yredelemnul
Zin
The Shining One
Beogh
Jiyva

Shops:
D:5 (!?(   D:9 ?   D:12 [:}:!   Orc:2 *([:   Elf:1 }   Elf:3 (   Depths:3 }

Portals:
Hell: Depths:1 Depths:2
Pandemonium: Depths:2
Ziggurat: Depths:1
Trove: Vaults:1 (give 9 potions of haste)

Annotations:
D:2 Sigmund
D:3 Purgy
D:12 rasy's ghost, journeyman MiFi
Lair:5 1 runed translucent door
Spider:1 1 runed translucent door, Myldir's ghost, adept GrEE
Elf:2 3 runed translucent doors
Depths:3 the Enchantress


Innate Abilities, Weirdness & Mutations

You are small and have problems with some larger weapons.
You are completely attuned to the shadows.


Message History

Aiming: Paralyse
Press: ? - help, Shift-Dir - straight line, f - spriggan defender
Aim: a spriggan defender, wielding a +2 quick blade, wearing a +0 robe and wearing a +0 buckler (chance to defeat MR: 2%)
Okay, then.
Evoke which item? (* to show all) (? for menu, Esc to quit)
Okay, then.
Okay, then.
As you read the scroll of summoning, it crumbles to dust.
Wisps of shadow whirl around you...
You feel less exhausted.
The spriggan defender closely misses you.
The spriggan defender hits you with a +2 quick blade!!
* * * LOW HITPOINT WARNING * * *
The deep troll earth mage bites your fire dragon!!
The deep troll earth mage claws your fire dragon! x2
The spriggan rider hits you from afar with a +0 spear!
* * * LOW HITPOINT WARNING * * *
The spriggan defender closely misses you.
The spriggan defender hits you with a +2 quick blade.
You die...

........##
..........#
...........##
......∩.....##
.............##
#.............
#iT.......>.#
####iiD.........
....@.i.......+#
........).....#
.....D...)....#
...........[..#
..............#
..##......#
.##..#i#


You could see the Enchantress (fast, repels missiles, invisible), 2 spriggan
defenders, a spriggan rider, a deep troll earth mage, a friendly fire dragon
(summoned) and a friendly ice dragon (summoned).

Vanquished Creatures
  A juggernaut (Depths:2)
  Sojobo (Vaults:3)
  Saint Roka (Vaults:1)
  A bone dragon (Vaults:2)
  A lich (Depths:2)
  3 deep elf master archers (Elf:3)
  A deep elf blademaster (Elf:3)
  The ghost of Siugipix the Earth Mage, an adept GrEE of Gozag (Vaults:3)
  The ghost of UristMcRaven the Eclecticist, an adept DECj of Vehumet (Spider:4)
  2 ancient champions (Depths:2)
  3 sphinxes
  3 tengu reavers
  Kirke (Shoals:1)
  7 deep elf sorcerers
  Aizul (Shoals:1)
  10 frost giants
  8 fire giants
  4 ghost moths (Spider:4)
  6 vault wardens
  2 orc warlords (Orc:2)
  4 emperor scorpions (Spider:4)
  A ghoul (Depths:2)
  A deep elf elementalist (Elf:3)
  The ghost of rasy the Impaler, a journeyman MiFi of Okawaru (Lair:6)
  19 stone giants
  A war gargoyle (Vaults:3)
  6 very ugly things
  8 entropy weavers
  Azrael (Orc:2)
  17 ironheart preservers
  A dire elephant (Lair:6)
  8 deep elf demonologists
  Nessos (Orc:2)
  A vampire knight (Depths:2)
  10 deep elf annihilators
  2 spark wasps
  A minotaur (Gauntlet)
  10 deep elf death magi
  2 merfolk javelineers
  5 ettins
  Josephine (Orc:1)
  4 fire dragons
  6 yaktaur captains
  A death ooze (Lair:6)
  5 great orbs of eyes
  6 merfolk impalers
  4 deep elf high priests
  Harold (Lair:2)
  A spriggan air mage (Depths:3)
  2 ice dragons
  13 vault guards
  6 hydras
  4 death knights
  4 rakshasas
  A catoblepas (Lair:6)
  2 alligator snapping turtles
  5 merfolk avatars
  9 centaur warriors
  6 merfolk aquamancers
  15 ogre magi
  4 deep troll shamans
  27 dancing weapons
  15 death yaks
  An alligator (Lair:6)
  2 satyrs
  50 two-headed ogres
  5 deep troll earth magi
  A spriggan berserker (Depths:2)
  A tengu warrior (Depths:2)
  17 deep elf knights
  3 spriggans
  6 hell knights
  A sun demon (Depths:1)
  2 orc high priests
  5 sixfirhies (Depths:1)
  14 skeletal warriors
  A death drake (shapeshifter) (Vaults:4)
  16 deep trolls
  4 unseen horrors
  4 flayed ghosts
  17 deep elf archers
  A glowing orange brain (Vaults:3)
  6 wizards
  11 ironbrand convokers
  12 sea snakes
  A wolf spider zombie (D:15)
  3 obsidian statues
  30 ugly things
  24 harpies
  A lindwurm (Lair:6)
  62 deep elf magi
  22 orc knights
  2 necromancers
  10 fauns
  4 oklob plants
  5 orc sorcerers
  43 wolf spiders
  3 moths of wrath
  29 orb spiders
  6 cyclopes
  A black mamba (shapeshifter) (Depths:2)
  3 rust devils (Depths:1)
  13 manticores
  A torpor snail (shapeshifter) (Elf:2)
  A centaur zombie (D:14)
  12 vault sentinels
  10 merfolk sirens
  4 black mambas
  8 water nymphs
  3 ice statues
  11 torpor snails
  Joseph (Lair:1)
  Maggie (D:9)
  2 gargoyles
  4 centaur skeletons
  A human zombie (Vaults:3)
  12 cane toads
  4 rime drakes
  8 komodo dragons
  6 freezing wraiths
  3 hellwings (Depths:1)
  15 demonic crawlers
  A tengu conjurer (D:13)
  An ice devil (Depths:1)
  27 yaktaurs
  9 trolls
  39 jumping spiders
  26 merfolk
  11 polar bears
  8 wind drakes
  4 tyrant leeches (Lair:6)
  A tengu simulacrum (Vaults:3)
  21 hornets
  14 blink frogs
  22 slime creatures
  6 snapping turtles
  11 dream sheep
  3 raiju (Lair:6)
  16 hippogriffs
  An air elemental (Elf:2)
  73 redbacks
  20 water elementals
  A vampire (D:15)
  A ynoxinul (Depths:1)
  32 yaks
  35 tarantellas
  5 wyverns
  9 wraiths
  3 spriggans (shapeshifter)
  9 fire elementals
  A human (D:13)
  A steam dragon (D:10)
  5 basilisks
  A yaktaur simulacrum (Vaults:3)
  Menkaure (D:7)
  2 hogs (Shoals:1)
  A chaos spawn (Depths:1)
  9 water moccasins
  17 hell hounds
  3 acid dragons
  14 wargs
  An acid dragon (shapeshifter) (Vaults:2)
  2 floating eyes (Depths:2)
  12 porcupines
  64 orc warriors
  9 ice beasts
  A black bear (shapeshifter) (Vaults:4)
  A sky beast (D:15)
  12 black bears
  3 phantoms
  2 eyes of draining (D:5)
  27 centaurs
  31 ogres
  36 wolves
  A boggart (Vaults:2)
  15 crocodiles
  4 big kobolds
  19 bullfrogs
  An earth elemental (Elf:3)
  2 gnoll sergeants
  A glowing shapeshifter simulacrum (Vaults:3)
  A wyvern zombie (D:12)
  An ogre simulacrum (Vaults:1)
  16 scorpions
  10 killer bees
  12 wights
  11 electric eels
  2 howler monkeys
  5 crimson imps (D:13)
  A bullfrog zombie (D:9)
  8 hounds
  18 orc priests
  7 jellies
  27 orc wizards
  2 bullfrog skeletons
  Terence (D:3)
  5 iguanas
  Ijyb (D:3)
  12 worker ants
  A big kobold zombie (Ossuary)
  3 hound skeletons
  4 mummies
  13 gnolls
  A howler monkey skeleton (D:4)
  5 scorpion zombies (Ossuary)
  18 adders
  6 shadow imps
  10 white imps
  2 oozes
  3 ufetubi
  3 adder skeletons
  3 adder zombies
  A worm (D:2)
  A dart slug (D:3)
  7 leopard geckos
  111 orcs
  6 ball pythons
  6 giant cockroaches
  3 gnoll zombies (Ossuary)
  11 goblins
  9 hobgoblins
  3 jackals (D:3)
  21 kobolds
  5 quokkas
  4 bats
  6 frilled lizards
  A goblin zombie (Ossuary)
  3 hobgoblin zombies (Ossuary)
  A jackal skeleton (D:4)
  An orc zombie (Ossuary)
  A quokka skeleton (D:4)
  5 rats
  A bush (Lair:4)
  A butterfly (D:2)
  4 crawling corpses (Elf:3)
  11 plants
1992 creatures vanquished.

Vanquished Creatures (collateral kills)
  A juggernaut (Depths:2)
  A vault warden (Vaults:3)
  2 deep elf sorcerers (Elf:3)
  2 deep elf annihilators (Elf:3)
  2 deep elf death magi (Elf:3)
  A deep elf high priest (Elf:3)
  A merfolk avatar (Shoals:4)
  A dancing weapon (Elf:1)
  An orc high priest (Elf:3)
  A deep elf archer (Elf:3)
  An orc sorcerer (Vaults:1)
  4 deep elf magi (Elf:1)
  A troll (Vaults:1)
  2 slime creatures (Lair:6)
  3 orc warriors
  An ogre (Elf:3)
  A boggart (Depths:2)
  3 jellies (Lair:6)
  4 orcs
33 creatures vanquished.

Vanquished Creatures (others)
  A shadow wraith (Vaults:3)
  A deep elf archer (Elf:3)
  A deep elf mage (Elf:1)
  A demonic crawler (Spider:2)
  A redback (Spider:3)
  2 humans (Shoals:1)
  A crimson imp (D:13)
  An orc priest (Vaults:3)
  An orc (Vaults:1)
  A gnoll zombie (Ossuary)
  75 fungi
  91 plants
177 creatures vanquished.

Grand Total: 2202 creatures vanquished

Notes
Turn   | Place    | Note
-------+----------+-------------------------------------------
     0 | D:1      | ANON1729 the Kobold Brigand began the quest for the Orb.
     0 | D:1      | Reached XP level 1. HP: 12/12 MP: 1/1
    77 | D:1      | Reached XP level 2. HP: 2/18 MP: 2/2
   302 | D:1      | Reached XP level 3. HP: 12/22 MP: 3/3
  1227 | D:2      | Reached XP level 4. HP: 27/27 MP: 4/4
  1349 | D:2      | Found a shimmering altar of Xom.
  1350 | D:2      | Noticed Sigmund
  2451 | D:3      | Reached skill level 6 in Stealth
  2898 | D:3      | Reached XP level 5. HP: 32/32 MP: 5/5
  2899 | D:3      | Noticed Terence
  2901 | D:3      | Killed Terence
  2995 | D:3      | Noticed Purgy
  3156 | D:3      | Noticed Ijyb
  3160 | D:3      | Killed Ijyb
  3475 | D:3      | Found a faded altar of an unknown god.
  3501 | D:3      | Found a shimmering blue altar of Sif Muna.
  3597 | D:4      | Found a staircase to the Ecumenical Temple.
  3603 | Temple   | Entered the Ecumenical Temple
  3861 | D:4      | Reached XP level 6. HP: 37/37 MP: 6/6
  4164 | D:4      | Found a hazy altar of Hepliaklqana.
  4307 | D:4      | Reached skill level 7 in Stealth
  4377 | D:4      | Reached skill level 5 in Short Blades
  4996 | D:4      | Reached XP level 7. HP: 37/42 MP: 7/7
  5057 | D:5      | Entered Level 5 of the Dungeon
  5181 | D:5      | Found Acuiroer's Magic Scroll Emporium.
  5192 | D:5      | Bought a scroll of identify for 22 gold pieces
  5192 | D:5      | Bought a scroll of remove curse for 33 gold pieces
  5192 | D:5      | Bought a scroll of teleportation for 33 gold pieces
  5192 | D:5      | Bought a scroll of fear for 38 gold pieces
  5192 | D:5      | Bought a scroll of blinking for 82 gold pieces
  5192 | D:5      | Bought a scroll of amnesia for 38 gold pieces
  5192 | D:5      | Bought a scroll of identify for 22 gold pieces
  5245 | D:5      | Found Feppitut's Distillery.
  5470 | D:5      | Reached skill level 8 in Stealth
  5585 | D:5      | Found Ynwoity's Antique Weapon Shop.
  6484 | D:5      | Found a bloodstained altar of Trog.
  6508 | D:5      | Reached XP level 8. HP: 48/48 MP: 0/8
  6580 | D:5      | Found Igoufu's Antique Weapon Shoppe.
  6713 | D:6      | Found a sand-covered staircase.
  6772 | Ossuary  | Entered an ossuary
  6794 | Ossuary  | Reached skill level 9 in Stealth
  7522 | Ossuary  | Reached skill level 5 in Fighting
  7553 | Ossuary  | Reached skill level 5 in Dodging
  7766 | Ossuary  | Reached XP level 9. HP: 43/54 MP: 9/9
  7795 | Ossuary  | Reached skill level 10 in Stealth
 10309 | D:6      | Found a snail-covered altar of Cheibriados.
 10330 | D:6      | Reached skill level 11 in Stealth
 10646 | D:7      | Noticed a hippogriff
 10696 | D:7      | Killed a hippogriff
 11449 | D:7      | Found a white marble altar of Elyvilon.
 11512 | D:7      | Reached skill level 10 in Short Blades
 11512 | D:7      | Reached XP level 10. HP: 60/60 MP: 10/10
 11685 | D:7      | Noticed Menkaure
 11934 | D:7      | Killed Menkaure
 12294 | D:8      | Found an ornate altar of the Wu Jian Council.
 12297 | D:8      | Found a blossoming altar of Fedhas.
 12302 | D:8      | Became a worshipper of the Wu Jian Council
 12307 | D:8      | Found a shadowy altar of Dithmenos.
 12519 | D:8      | Reached skill level 12 in Stealth
 12902 | D:8      | Noticed a two-headed ogre
 12926 | D:8      | Killed a two-headed ogre
 13927 | D:8      | Reached skill level 13 in Stealth
 14391 | D:8      | Reached * piety under Wu Jian
 15048 | D:8      | Found a staircase to the Lair.
 15235 | D:9      | Found Tuph's Magic Scroll Shoppe.
 15368 | D:5      | Bought a bloodstained rapier for 234 gold pieces
 15368 | D:5      | Identified the +9 rapier "Hell-Harrower" {vorpal, rF+ Int-2
                  | Dex+2} (You bought it in a shop on level 5 of the Dungeon)
 15586 | D:9      | Reached XP level 11. HP: 67/67 MP: 11/11
 16067 | D:9      | Got a pair of twisted boots
 16073 | D:9      | Identified the +2 pair of boots "Tucwofur" {Int+8} (You
                  | found it on level 9 of the Dungeon)
 16084 | D:9      | Noticed a two-headed ogre
 16183 | D:9      | Reached ** piety under Wu Jian
 16224 | D:9      | Noticed Maggie
 16228 | D:9      | Killed Maggie
 16503 | D:9      | Found a staircase to the Orcish Mines.
 16769 | D:10     | Entered Level 10 of the Dungeon
 16785 | D:10     | Found a shimmering altar of Xom.
 17542 | D:10     | Noticed a two-headed ogre
 17589 | D:10     | Killed a two-headed ogre
 17589 | D:10     | Reached skill level 14 in Stealth
 17728 | D:11     | Killed an unseen horror
 18228 | D:11     | Noticed a purple ugly thing
 18237 | D:11     | Reached *** piety under Wu Jian
 18242 | D:11     | Killed a purple ugly thing
 18285 | D:11     | Noticed a manticore
 18311 | D:11     | Killed a manticore
 18364 | D:11     | Found Rosocume's Distillery.
 18539 | D:11     | Got a masterwork leather armour
 18809 | D:11     | Noticed a two-headed ogre
 18822 | D:11     | Killed a two-headed ogre
 18822 | D:11     | Reached XP level 12. HP: 75/75 MP: 11/13
 19003 | D:11     | Identified the +2 leather armour of True Grit {Rampage
                  | SInv} (You found it on level 11 of the Dungeon)
 19033 | D:11     | Reached skill level 1 in Spellcasting
 19047 | D:12     | Found Jycothrer's Armour Emporium.
 19064 | D:12     | Reached skill level 1 in Shields
 19145 | D:12     | Found Zojegyl's Gadget Boutique.
 19190 | D:12     | Found Mucy's Book Shoppe.
 19192 | D:12     | Found a burning altar of Makhleb.
 19212 | D:12     | Found a frozen archway.
 19213 | D:12     | Reached skill level 15 in Stealth
 19336 | IceCv    | Entered an ice cave
 19570 | IceCv    | Found a transporter.
 19821 | IceCv    | Found a transporter.
 20076 | D:12     | Found Quitonoa's Book Emporium.
 20087 | D:12     | Found a runed translucent gate.
 20087 | D:12     | Found a runed translucent gate.
 20088 | D:12     | Found a runed translucent gate.
 20090 | D:12     | Noticed rasy's ghost (journeyman MiFi)
 20091 | D:12     | Identified the +8 great sword of the Equator {vorpal,
                  | +Blink MR- Int+4 Dex+5}
 20091 | D:12     | Identified the +6 chain mail of Lies {rCorr Int+3 Dex-5}
 20149 | D:12     | Found Nutsoheq's Distillery.
 20154 | D:12     | Bought a potion of might for 64 gold pieces
 20404 | D:12     | Identified the cursed +0 ring mail "Wistra" {-Tele rC-
                  | MR+++ Stlth+}
 20640 | D:12     | Reached **** piety under Wu Jian
 20806 | D:12     | Found a roughly hewn altar of Beogh.
 20812 | D:12     | Got a smoking hat
 20824 | D:12     | Identified the +0 hat "Nata" {rN+ MR+ Int+4 Dex-3} (You
                  | found it on level 12 of the Dungeon)
 20881 | D:13     | Found a gate leading to a gauntlet.
 20972 | Gauntlet | Entered a Gauntlet
 20972 | Gauntlet | Found a transporter.
 20993 | Gauntlet | Found a transporter.
 21001 | Gauntlet | Found a transporter.
 21007 | Gauntlet | Found a transporter.
 21013 | Gauntlet | Noticed a death drake
 21029 | Gauntlet | Found a transporter.
 21054 | Gauntlet | Found a transporter.
 21056 | Gauntlet | Noticed a death yak
 21057 | Gauntlet | Noticed a death yak
 21060 | Gauntlet | Noticed a death yak
 21062 | Gauntlet | Noticed a glowing orange brain
 21064 | Gauntlet | Noticed a glowing orange brain
 21065 | Gauntlet | Found a runed translucent gate.
 21066 | Gauntlet | Found a transporter.
 21066 | Gauntlet | Found a runed translucent gate.
 21067 | Gauntlet | Found a runed translucent gate.
 21074 | Gauntlet | Noticed a death yak
 21075 | Gauntlet | Noticed a death yak
 21076 | Gauntlet | Noticed a death yak
 21076 | Gauntlet | Noticed a death yak
 21077 | Gauntlet | Found a large runed translucent door.
 21077 | Gauntlet | Found a large runed translucent door.
 21078 | Gauntlet | Found a large runed translucent door.
 21079 | Gauntlet | Found a large runed translucent door.
 21080 | Gauntlet | Found a large runed translucent door.
 21080 | Gauntlet | Found a large runed translucent door.
 21081 | Gauntlet | Found a large runed translucent door.
 21082 | Gauntlet | Found a large runed translucent door.
 21095 | Gauntlet | Found a transporter.
 21107 | Gauntlet | Found a transporter.
 21119 | Gauntlet | Found a transporter.
 21141 | Gauntlet | Noticed a glowing orange brain
 21142 | Gauntlet | Found a transporter.
 21154 | Gauntlet | Found a transporter.
 21163 | Gauntlet | Found a transporter.
 21182 | Gauntlet | Noticed a wizard
 21186 | Gauntlet | Found a transporter.
 21287 | Gauntlet | Found a large runed translucent door.
 21287 | Gauntlet | Found a large runed translucent door.
 21288 | Gauntlet | Found a large runed translucent door.
 21289 | Gauntlet | Found a large runed translucent door.
 21290 | Gauntlet | Found a large runed translucent door.
 21290 | Gauntlet | Found a large runed translucent door.
 21291 | Gauntlet | Found a large runed translucent door.
 21292 | Gauntlet | Found a large runed translucent door.
 21338 | Gauntlet | Noticed a great orb of eyes
 21355 | Gauntlet | Noticed a glowing orange brain
 21474 | Gauntlet | Found a transporter.
 21509 | Gauntlet | Found a transporter.
 21518 | Gauntlet | Killed a wizard
 21531 | Gauntlet | Found a transporter.
 21564 | Gauntlet | Identified a +0 pair of boots of running (You found it in a
                  | Gauntlet)
 22045 | Gauntlet | Killed a death yak
 22119 | Gauntlet | Got a warped leather armour
 22123 | Gauntlet | Got a shimmering golden ring
 22127 | Gauntlet | Killed a death yak
 22127 | Gauntlet | Reached skill level 16 in Stealth
 22127 | Gauntlet | Reached XP level 13. HP: 41/80 MP: 17/17
 22211 | Gauntlet | Identified the +2 leather armour of the Catamount {Int+8}
                  | (You found it in a Gauntlet)
 22231 | Gauntlet | Noticed a minotaur
 22233 | Gauntlet | Killed a minotaur
 22264 | Gauntlet | Identified the ring "Laolere" {*Corrode +Inv rF+ rC++ SInv}
                  | (You found it in a Gauntlet)
 22297 | Gauntlet | Got a pair of transparent boots
 22309 | Gauntlet | Identified the +1 pair of boots of the Elven Halls {MR-
                  | rCorr Dex+6 SInv} (You found it in a Gauntlet)
 22322 | Gauntlet | Identified the Disquisition on Enchantment
 22471 | D:13     | Reached skill level 10 in Dodging
 22761 | D:13     | Noticed a vault guard
 23519 | D:14     | Reached skill level 15 in Short Blades
 23708 | D:14     | Reached skill level 5 in Shields
 24194 | Lair:1   | Entered Level 1 of the Lair of Beasts
 24443 | Lair:1   | Reached skill level 1 in Evocations
 24466 | Lair:1   | Reached skill level 17 in Stealth
 24624 | Lair:1   | Reached XP level 14. HP: 33/87 MP: 20/20
 24741 | Lair:1   | Identified Sif Muna's Incunabulum of Cloudy Displacement
 24964 | Lair:1   | Noticed Joseph
 24966 | Lair:1   | Killed Joseph
 25638 | Lair:1   | Reached skill level 10 in Fighting
 25707 | Lair:2   | Reached ***** piety under Wu Jian
 25878 | Lair:2   | Reached skill level 5 in Spellcasting
 25994 | Lair:2   | Noticed Harold
 25997 | Lair:2   | Killed Harold
 26110 | Lair:2   | Found a hole to the Spider Nest.
 26387 | Lair:2   | Found a staircase to the Shoals.
 27668 | Lair:3   | Reached skill level 5 in Evocations
 28354 | Lair:4   | Reached skill level 18 in Stealth
 28389 | Lair:4   | Reached XP level 15. HP: 37/93 MP: 23/23
 29340 | Lair:5   | Found a runed translucent door.
 29340 | Lair:5   | Found a viscous altar of Jiyva.
 29340 | Lair:5   | Found a staircase to the Slime Pits.
 29749 | Lair:6   | Entered Level 6 of the Lair of Beasts
 30327 | Lair:6   | Found a runed translucent gate.
 30327 | Lair:6   | Found a runed translucent gate.
 30328 | Lair:6   | Found a runed translucent gate.
 30728 | Lair:6   | Got a bloodstained long sword
 30994 | Lair:6   | Reached ****** piety under Wu Jian
 31882 | Lair:5   | Reached skill level 19 in Stealth
 32180 | Lair:6   | Noticed rasy's ghost (journeyman MiFi)
 32189 | Lair:6   | Killed rasy's ghost
 32189 | Lair:6   | Reached XP level 16. HP: 72/100 MP: 26/26
 32192 | Lair:6   | Found a viscous altar of Jiyva.
 32378 | Lair:6   | Found a runed translucent door.
 33861 | D:13     | Found a gate to the Vaults.
 34259 | D:15     | Entered Level 15 of the Dungeon
 34612 | D:15     | Found a staircase to the Depths.
 34626 | D:15     | Reached skill level 10 in Evocations
 35536 | Orc:1    | Entered Level 1 of the Orcish Mines
 35552 | Orc:1    | Noticed Josephine
 35572 | Orc:1    | Killed Josephine
 36255 | Orc:2    | Entered Level 2 of the Orcish Mines
 36339 | Orc:2    | Noticed Nessos
 36344 | Orc:2    | Killed Nessos
 36407 | Orc:2    | Found a staircase to the Elven Halls.
 36418 | Orc:2    | Found Caruss's Antique Armour Emporium.
 36423 | Orc:2    | Bought a ripped robe for 171 gold pieces
 36423 | Orc:2    | Bought a runed scarf for 240 gold pieces
 36423 | Orc:2    | Bought a jewelled scale mail for 270 gold pieces
 36739 | Orc:1    | Learned a level 4 spell: Cause Fear
 36893 | Orc:2    | Found Weryxa's Book Boutique.
 37149 | Orc:1    | Reached XP level 17. HP: 37/106 MP: 28/28
 37418 | Orc:2    | Found Akaepnuf's General Store.
 37440 | Orc:2    | Reached skill level 1 in Hexes
 37458 | Orc:2    | Bought 2 potions of haste for 360 gold pieces
 37458 | Orc:2    | Bought a scroll of teleportation for 54 gold pieces
 37458 | Orc:2    | Bought a scroll of identify for 36 gold pieces
 37458 | Orc:2    | Identified the +1 robe of Fofu {+Blink rN++ rCorr} (You
                  | bought it in a shop on level 2 of the Orcish Mines)
 37604 | Orc:2    | Found Zuanop's Antique Weapon Shoppe.
 37611 | Orc:2    | Reached skill level 20 in Stealth
 37892 | Orc:2    | Noticed Azrael
 37907 | Orc:2    | Killed Azrael
 38088 | Orc:2    | Identified the +5 scale mail "Goheg" {+Fly rPois Str-5
                  | SInv} (You bought it in a shop on level 2 of the Orcish
                  | Mines)
 38135 | Elf:1    | Entered Level 1 of the Elven Halls
 38365 | Elf:1    | Reached skill level 1 in Armour
 38649 | Elf:1    | Found Kuhajara's Gadget Emporium.
 38784 | Elf:1    | Reached skill level 5 in Throwing
 39006 | Elf:1    | Identified a scroll of acquirement
 39007 | Elf:1    | Acquired the +3 pair of gauntlets of War {Slay+5}
 39008 | Elf:1    | Found the +3 pair of gauntlets of War {Slay+5}
 39298 | Elf:2    | Found a runed translucent gate.
 39298 | Elf:2    | Found a runed translucent gate.
 39299 | Elf:2    | Found a runed translucent gate.
 39852 | Elf:2    | Reached XP level 18. HP: 112/112 MP: 30/30
 40160 | Elf:3    | Entered Level 3 of the Elven Halls
 40506 | Elf:3    | Reached skill level 5 in Hexes
 40560 | Elf:3    | Found Rukuoni's Weapon Shop.
 41250 | Elf:3    | Learned a level 6 spell: Invisibility
 41309 | Elf:3    | Reached skill level 21 in Stealth
 41603 | Elf:3    | Noticed a deep elf master archer
 41803 | Elf:3    | Noticed a deep elf master archer
 41879 | Elf:3    | Killed a deep elf master archer
 41884 | Elf:3    | Identified the +7 flail of Ecuvy {drain, Int+3 Dex+6}
 41884 | Elf:3    | Identified the +2 robe of Limited Liability {*Contam rN+
                  | rCorr SInv}
 41884 | Elf:3    | Identified the ring of Hepliaklqana's Grace {*Contam rElec
                  | rC+ Str+6 Stlth+}
 41887 | Elf:3    | Noticed an Ice Fiend
 41898 | Elf:3    | Reached XP level 19. HP: 117/117 MP: 32/32
 41941 | Elf:3    | Noticed a deep elf blademaster
 41948 | Elf:3    | Identified the Incunabulum of the Enchanting Birds
 41983 | Elf:3    | Killed a deep elf blademaster
 42046 | Elf:3    | Identified the +7 mace of Attainder {vamp, Dex+2 Stlth+}
 42046 | Elf:3    | Identified the amulet of the Ancient Princes {Faith Str+6}
 42865 | Elf:3    | Identified the cursed +1 short sword "Peson" {speed, *Drain
                  | Str+8} (You found it on level 3 of the Elven Halls)
 43099 | D:10     | Identified the +6 scythe "Meighuij" {vorpal, Int+2} (You
                  | found it on level 10 of the Dungeon)
 43512 | Shoals:1 | Entered Level 1 of the Shoals
 43522 | Shoals:1 | Noticed Aizul
 43535 | Shoals:1 | Killed Aizul
 43750 | Shoals:1 | Acquired a manual of Hexes
 43817 | Shoals:1 | Noticed Kirke
 43825 | Shoals:1 | Killed Kirke
 46280 | Shoals:3 | Reached skill level 22 in Stealth
 46588 | Shoals:3 | Found the brooch of Shielding {Spirit SH+8}
 46957 | Shoals:4 | Entered Level 4 of the Shoals
 46984 | Shoals:3 | Reached XP level 20. HP: 124/124 MP: 33/33
 47819 | Shoals:4 | Identified the +3 ring mail of Pandemonium {rN+} (You found
                  | it on level 4 of the Shoals)
 49626 | Shoals:4 | Identified the Catalogue of Execration
 49785 | Shoals:4 | Got a barnacled rune of Zot
 49993 | Spider:1 | Entered Level 1 of the Spider Nest
 50049 | Spider:1 | Learned a level 2 spell: Slow
 50053 | Spider:1 | Learned a level 3 spell: Confusing Touch
 50057 | Spider:1 | Learned a level 3 spell: Inner Flame
 50060 | Spider:1 | Learned a level 2 spell: Wereblood
 50126 | Spider:1 | Found a runed translucent door.
 50127 | Spider:1 | Found a shimmering altar of Xom.
 50127 | Spider:1 | Noticed Myldir's ghost (adept GrEE)
 50143 | Spider:1 | Reached skill level 10 in Hexes
 50164 | Spider:1 | Reached skill level 1 in Fire Magic
 50871 | Spider:2 | Reached skill level 23 in Stealth
 51054 | Spider:2 | Reached skill level 1 in Transmutations
 51286 | Spider:2 | Reached skill level 10 in Spellcasting
 52344 | Spider:2 | Reached XP level 21. HP: 130/130 MP: 35/35
 52524 | Spider:3 | Acquired a manual of Dodging
 53450 | Spider:4 | Entered Level 4 of the Spider Nest
 53489 | Spider:4 | Identified the +5 scale mail "Liusipoh" {-Tele Rampage
                  | rPois} (You found it on level 4 of the Spider Nest)
 53940 | Spider:4 | Found a transporter.
 53967 | Spider:4 | Found a transporter.
 53969 | Spider:4 | Noticed UristMcRaven's ghost (adept DECj)
 54478 | Spider:4 | Killed UristMcRaven's ghost
 54669 | Spider:4 | Identified the cursed +0 pair of gloves of Tartarus {Harm
                  | rC+ Str+9 Slay-5} (You found it on level 4 of the Spider
                  | Nest)
 55756 | Spider:4 | Reached skill level 15 in Dodging
 55764 | Spider:4 | Reached skill level 24 in Stealth
 55916 | Spider:4 | Got a gossamer rune of Zot
 56341 | Vaults:1 | Entered Level 1 of the Vaults
 57183 | Vaults:1 | Reached skill level 15 in Evocations
 57203 | Vaults:1 | Noticed Saint Roka
 57240 | Vaults:1 | Killed Saint Roka
 57809 | Vaults:1 | Reached XP level 22. HP: 111/136 MP: 36/36
 58113 | Vaults:1 | Found a portal to a secret trove of treasure.
 59068 | D:5      | Bought a potion of curing for 30 gold pieces
 59068 | D:5      | Bought a potion of curing for 30 gold pieces
 59068 | D:5      | Bought a potion of invisibility for 80 gold pieces
 59068 | D:5      | Bought a potion of heal wounds for 50 gold pieces
 59068 | D:5      | Bought a potion of haste for 100 gold pieces
 59068 | D:5      | Bought a potion of haste for 100 gold pieces
 59068 | D:5      | Bought a potion of might for 40 gold pieces
 59068 | D:5      | Bought a potion of mutation for 80 gold pieces
 59068 | D:5      | Bought a potion of might for 40 gold pieces
 59274 | D:11     | Bought a potion of curing for 33 gold pieces
 59274 | D:11     | Bought a potion of haste for 110 gold pieces
 59274 | D:11     | Bought a potion of magic for 88 gold pieces
 59274 | D:11     | Bought a potion of brilliance for 44 gold pieces
 59274 | D:11     | Bought a potion of curing for 33 gold pieces
 59274 | D:11     | Bought a potion of might for 44 gold pieces
 59274 | D:11     | Bought a potion of brilliance for 44 gold pieces
 59274 | D:11     | Bought a potion of curing for 33 gold pieces
 59329 | D:12     | Bought a potion of haste for 160 gold pieces
 59331 | D:12     | Bought a potion of curing for 48 gold pieces
 59331 | D:12     | Bought a potion of heal wounds for 80 gold pieces
 59331 | D:12     | Bought a potion of stabbing for 64 gold pieces
 59331 | D:12     | Bought a potion of resistance for 160 gold pieces
 59331 | D:12     | Bought a potion of mutation for 128 gold pieces
 59331 | D:12     | Bought a potion of cancellation for 128 gold pieces
 59331 | D:12     | Bought a potion of heal wounds for 80 gold pieces
 59331 | D:12     | Bought a potion of brilliance for 64 gold pieces
 59331 | D:12     | Bought a potion of curing for 48 gold pieces
 59331 | D:12     | Bought a potion of curing for 48 gold pieces
 59331 | D:12     | Bought a potion of stabbing for 64 gold pieces
 59331 | D:12     | Bought a potion of stabbing for 64 gold pieces
 59409 | Vaults:1 | Learned a level 1 spell: Animate Skeleton
 59415 | Vaults:1 | Learned a level 5 spell: Yara's Violent Unravelling
 60442 | Vaults:2 | Noticed a bone dragon
 60444 | Vaults:2 | Killed a bone dragon
 60684 | Vaults:2 | Reached skill level 25 in Stealth
 61527 | Vaults:2 | Found a staircase to the Crypt.
 61637 | Vaults:3 | Found a runed translucent gate.
 61637 | Vaults:3 | Found a runed translucent gate.
 61638 | Vaults:3 | Found a runed translucent gate.
 61639 | Vaults:3 | Found an opulent altar of Gozag.
 61720 | Vaults:3 | Reached XP level 23. HP: 86/142 MP: 37/37
 62074 | Vaults:3 | You fall into a shaft and drop 1 floor!
 62630 | Vaults:4 | Found an iron altar of Okawaru.
 62686 | Vaults:4 | Reached skill level 10 in Throwing
 62702 | Vaults:4 | Reached skill level 5 in Transmutations
 63483 | Vaults:3 | Found the +7 pair of quick blades "Gyre" and "Gimble"
                  | {protect}
 63639 | Vaults:3 | HP: 6/142 [deep elf annihilator/crystal spear[an ironheart
                  | preserver] (60)]
 63896 | Vaults:3 | Noticed Sojobo
 63915 | Vaults:3 | Killed Sojobo
 64123 | Vaults:3 | Reached skill level 26 in Stealth
 64509 | Vaults:3 | Learned a level 4 spell: Animate Dead
 64734 | Vaults:3 | Reached skill level 1 in Necromancy
 65111 | Vaults:3 | Reached XP level 24. HP: 146/148 MP: 38/38
 65762 | Vaults:3 | Noticed Siugipix's ghost (adept GrEE)
 66867 | Vaults:3 | Killed Siugipix's ghost
 67611 | Depths:1 | Entered Level 1 of the Depths
 68014 | Depths:1 | Found a burning altar of Makhleb.
 68126 | Depths:1 | Found a gateway to Hell.
 68632 | Depths:1 | Found a gateway to a ziggurat.
 69124 | Depths:1 | Found a burning altar of Makhleb.
 69125 | Depths:1 | Found the cursed +14 obsidian axe {vorpal, +Fly SInv
                  | *Curse}
 69182 | Depths:2 | Identified Roagutt's Grimoire of Summoning and Dislocation
 69267 | Depths:2 | Noticed a juggernaut
 69270 | Depths:2 | Killed a juggernaut
 69270 | Depths:2 | Reached skill level 15 in Fighting
 69298 | Depths:2 | Reached XP level 25. HP: 154/155 MP: 38/38
 69325 | Depths:2 | Identified the ring of the Establishment {Str+6 Slay+2}
                  | (You found it on level 2 of the Depths)
 69430 | Depths:2 | Found a transporter.
 69474 | Depths:2 | Found a blossoming altar of Fedhas.
 69580 | Depths:2 | Reached skill level 5 in Necromancy
 69634 | Depths:2 | Identified the ring of Iqo Zied {Fire rN+ MR+ Str+4} (You
                  | found it on level 2 of the Depths)
 69702 | Depths:2 | Found the +2 ratskin cloak {*Rats rPois rN+ Str-1 Int-1
                  | Dex+1}
 69890 | Depths:2 | Found a one-way gate leading to the halls of Pandemonium.
 69936 | Depths:2 | Identified the ring "Demudd" {*Tele rElec rC- rN++ MR+}
                  | (You found it on level 2 of the Depths)
 69969 | Depths:2 | Noticed a juggernaut
 69996 | Depths:2 | Killed a juggernaut
 70175 | Depths:2 | Found a shattered altar of Ashenzari.
 70341 | Depths:2 | Found a transporter.
 70558 | Depths:3 | Found Onwumups's Gadget Shop.
 70572 | Depths:3 | Noticed the Enchantress
 70583 | Depths:3 | HP: 1/156 [spriggan rider/+0 spear[the Enchantress] (13)]
 70583 | Depths:3 | Slain by a spriggan defender

Illustrated notes

Levels and vault maps discovered:
D:1:      psy_arrival_dodecagon, layout_basic
D:2:      layout_loops_corners, xom_butterflies, uniq_sigmund
D:3:      layout_loops_ring, led_sif_pool, chequers_ecumenical_altar_simple,
          uniq_terence, uniq_ijyb, uniq_purgy
D:4:      layout_basic, lemuel_crystal_altar,
          minmay_temple_entry_gardened_gates, minmay_misc_feat_tiny
D:5:      layout_rooms, trog_eyes_of_draining, serial_shops, shop, shop,
          shop_scrolls, shop
D:6:      layout_basic, slow_altar_2, enter_ossuary_2, minivault_14
D:7:      layout_basic, elyvilon_altar_1, minmay_crossroads, uniq_menkaure
D:8:      layout_loops_ring, minitemple, due_lair_maze_entry_diamond,
          serial_glass, glass_columns_b, glass_columns_a, minmay_fountain_box,
          serial_bayou_lake_a
D:9:      layout_basic, hiddenorc1_lemuel, serial_shops, nicolae_shop_stone,
          uniq_maggie
D:10:     layout_loops_corners, xom_teletrap_fun
D:11:     layout_gridville, serial_shops, kennysheep_little_box
D:12:     layout_rooms, serial_shops, nicolae_shop_stone,
          nicolae_shop_statue_plus, shop, nicolae_shop_crystal, shop,
          biasface_ghost_orc_armoury, portal_ice_cave_entry_animals_and_master,
          bloody_makhleb
D:13:     layout_cave_pods, grunt_vaults_entry_fortified,
          gauntlet_entry_generic, minmay_nine_imps
D:14:     layout_basic, wad_floor_pattern_1
D:15:     grunt_enter_depths_hoard, layout_loops_ring, minmay_misc_feat_plants
Temple:   cyrus_circular_temple
Lair:1:   minmay_lair_venomous_thicket, layout_regular_city, serial_forest,
          infiniplex_forest_clump_cross, infiniplex_forest_corner_1,
          infiniplex_forest_clump_diagonal, infiniplex_forest_straight_3,
          infiniplex_forest_clump_medium, infiniplex_forest_clump_curved,
          infiniplex_forest_lined_room_2, infiniplex_forest_lined_room_,
          infiniplex_forest_clump_C, chequers_serial_rivers_large_b,
          minmay_lair_oklob_chamber, uniq_joseph
Lair:2:   layout_roguey, elwin_shoals_entry_stream,
          nicolae_spider_entry_non_spiders, uniq_harold
Lair:3:   layout_long_grid, serial_bayou_shore_a, grunt_megastairs_4
Lair:4:   layout_cave_shapes, st_stairs_6, minmay_lair_oklob_bushes,
          grunt_megastairs_1
Lair:5:   layout_cave_pods, slime_altar_2
Lair:6:   wormcave, layout_layer_cave, hangedman_lair_caniforms_friends,
          gammafunk_ghost_ooze, chequers_serial_rivers_room_a,
          nicolae_lair_yak_garden
Shoals:1: layout_shoals, uniq_aizul, uniq_kirke
Shoals:2: layout_shoals
Shoals:3: argonaut_golden_fleece, layout_shoals
Shoals:4: shoals_end_hangedman, layout_shoals
Spider:1: layout_spider_delve, ebering_ghost_xom, guppyfry_spider_mini_1
Spider:2: nicolae_spider_corner
Spider:3: layout_spider_delve
Spider:4: spider_rune_water, gammafunk_ghost_berserking_beasts
Orc:1:    minmay_goldmine, layout_diamond_mine, uniq_josephine
Orc:2:    grunt_orc_gardens, layout_caves, grunt_orc_garden, grunt_orc_garden,
          grunt_orc_garden, grunt_orc_garden, nicolae_orc_pool_cavern,
          uniq_azrael, uniq_nessos
Elf:1:    elf_arrival_002, layout_geoelf_octagon, serial_shops, shop,
          hangedman_elven_crosses_minicolossus
Elf:2:    layout_loops_cross
Elf:3:    minmay_elf_hall_statues, layout_geoelf_octagon, serial_shops,
          shop_fountains
Vaults:1: nicolae_vaults_circle_grid_b, nicolae_vaults_rhombus_6,
          vaults_room_fours, v_misc_24, vaults_room_fours,
          ontoclasm_vaults_hangar, v_alt_pattern_4, ontoclasm_vaults_gateway,
          vaults_dpeg_hooks, layout_vaults_omnigrid,
          nicolae_trove_entry_free_sample, uniq_saint_roka
Vaults:2: minmay_crypt_entry_nasty_monster, st_octagons_2, v_misc_8,
          v_alt_pattern_2, v_alt_pattern_2, vaults_room_fours,
          grunt_vaults_twisty, layout_vaults_big_room
Vaults:3: ebering_vaults_ghost_gozag, hangedman_vaults_trim,
          ontoclasm_vaults_ligature, ontoclasm_vaults_hangar,
          ontoclasm_vaults_decontamination, vaults_room_hallway,
          hangedman_vaults_slither, ontoclasm_vaults_bender,
          dpeg_vaults_monster_box, vaults_room_large_hall,
          nicolae_vaults_big_ls, st_lattice, nicolae_vaults_ninety_degrees,
          vaults_mumra_minichess, ontoclasm_vaults_shuriken,
          layout_vaults_omnibox, uniq_sojobo
Vaults:4: nicolae_vaults_sealed_display, v_rooms_2, hangedman_vaults_pinch,
          vaults_dpeg_encased_lava, vaults_room_grunt_arrival_ludios,
          nicolae_vaults_holding_cells, vaults_room_door_hall,
          vaults_room_fancy_cross, v_misc_12, nicolae_vaults_shelves_hall,
          layout_vaults_omnicross, basic_altar
Depths:1: layout_forbidden_donut, enter_ziggurat_c, hell_entry,
          hangedman_abyss_or_decor_passed, grunt_guarded_unrand_obsidian_axe
Depths:2: hangedman_spin_cycle, hell_entry, pan_entry, serial_shops
Depths:3: evilmike_halls_of_destruction, layout_cave_pools, hell_entry,
          gammafunk_ghost_tricky_traps, serial_shops, shop,
          rand_demon_pan_entry_7, minivault_11, uniq_enchantress

Skill      XL: |  1  2  3  4  5  6  7  8  9 10 11 12 13 14 15 16 17 18 19 20 21 22 23 24 25 |
---------------+----------------------------------------------------------------------------+-----
Short Blades   | 3 4 5 6 8 10 11 13 14 15 16 17 18 19 20 21 22 | 22.4
Dodging        | 2 3 4 5 6 7 9 10 11 12 13 14 15 16 18 19 | 19.7
Stealth        | 6 7 8 9 11 13 14 16 17 18 19 20 21 22 23 24 25 26 | 26.8
Fighting       | 3 4 5 6 7 8 9 10 11 12 13 14 15 | 15.3
Throwing       | 3 4 5 6 7 8 9 10 11 | 11.3
Spellcasting   | 3 4 5 6 7 8 9 10 11 | 11.9
Shields        | 3 5 |  5.6
Evocations     | 2 6 8 10 11 12 13 14 15 16 17 | 17.4
Hexes          | 4 6 8 10 12 13 14 | 14.9
Armour         | 2 3 |  3.0
Fire Magic     | 2 3 |  3.0
Transmutations | 1 3 4 5 6 7 |  7.2
Necromancy     | 1 4 5 |  5.8

Action                   |  1- 3 |  4- 6 |  7- 9 | 10-12 | 13-15 | 16-18 | 19-21 | 22-24 | 25-27 || total
-------------------------+-------+-------+-------+-------+-------+-------+-------+-------+-------++-------
Melee: Dagger            |    54 |   213 |   670 |   310 |       |       |       |       |       ||  1247
       Rapier            |       |       |       |   491 |  1461 |  1367 |  1789 |  1481 |   201 ||  6790
       Pair of quick bla |       |       |       |       |       |       |       |    26 |    61 ||    87
Throw: Dart              |    11 |    18 |    67 |   111 |       |     1 |     6 |     6 |       ||   220
       Stone             |     3 |       |       |       |       |       |       |       |       ||     3
 Cast: Animate Skeleton  |       |       |       |       |       |       |       |    10 |       ||    10
       Wereblood         |       |       |       |       |       |       |       |     6 |       ||     6
       Cause Fear        |       |       |       |       |       |       |       |     3 |       ||     3
       Yara's Violent Un |       |       |       |       |       |       |       |     3 |       ||     3
Invok: Lunge             |       |       |       |    79 |    73 |   127 |   157 |   126 |    25 ||   587
       Whirlwind         |       |       |       |    69 |   110 |   150 |   170 |   197 |    37 ||   733
       Serpent's Lash    |       |       |       |     7 |     8 |    16 |    22 |    19 |     3 ||    75
 Abil: Wall Jump         |       |       |       |     1 |     2 |     7 |     3 |     1 |       ||    14
Evoke: Wand              |       |     1 |    13 |    30 |       |    15 |     1 |     1 |       ||    61
       Box of beasts     |       |       |       |       |     4 |     8 |     3 |     3 |       ||    18
       Condenser vane    |       |       |       |       |       |       |     3 |     2 |       ||     5
       Lightning rod     |       |       |       |       |       |       |     3 |     1 |       ||     4
       Phantom mirror    |       |       |       |       |       |       |       |     1 |     1 ||     2
  Use: Scroll            |       |       |    16 |    13 |     3 |     5 |    12 |     1 |     7 ||    57
       Potion            |       |       |     1 |     3 |       |     1 |     4 |     7 |     1 ||    17
 Stab: Sleeping          |    11 |    16 |    31 |    73 |    66 |   113 |   116 |   141 |    47 ||   614
       Paralysed         |       |       |     2 |     2 |       |       |       |       |       ||     4
       Distracted        |       |       |     1 |    11 |    26 |    17 |    27 |    14 |     2 ||    98
Armor: Robe              |     8 |    29 |    39 |    38 |       |       |       |       |       ||   114
       Leather armour    |       |       |       |     6 |    60 |    28 |    83 |    32 |     7 ||   216
Dodge: Dodged            |    31 |   115 |   311 |   426 |   610 |   407 |  1011 |   586 |    81 ||  3578
       Repelled          |       |       |       |       |       |     9 |     2 |    10 |     1 ||    22
Block: Buckler           |       |       |       |    36 |   369 |   225 |   558 |   359 |    32 ||  1579

Table legend: (Time is in decaauts)
 A = Elapsed time spent in this place.
 B = Non-inter-level travel time spent in this place.
 C = Inter-level travel time spent in this place.
 D = Time resting spent in this place.
 E = Time spent auto-exploring this place.
 F = Levels seen in this place.
 G = Mean time per level.
                   A        B        C        D        E       F      G
               +--------+--------+--------+--------+--------+-----+--------+
         Total |  68729 |  62290 |   6439 |  20177 |  28475 |  45 | 1527.3 |
       Dungeon |  24627 |  21059 |   3568 |   6762 |  10247 |  15 | 1641.8 |
        Temple |    105 |     88 |     17 |      0 |     88 |   1 |  105.0 |
          Lair |   8689 |   8151 |    538 |   1671 |   4743 |   6 | 1448.2 |
        Shoals |   6822 |   6506 |    316 |   2653 |   2854 |   4 | 1705.5 |
   Spider Nest |   5831 |   5132 |    699 |   2001 |   2049 |   4 | 1457.8 |
  Orcish Mines |   2553 |   2366 |    187 |    483 |   1263 |   2 | 1276.5 |
   Elven Halls |   4457 |   4028 |    429 |    796 |   1790 |   3 | 1485.7 |
        Vaults |   9685 |   9049 |    636 |   3696 |   3705 |   4 | 2421.2 |
        Depths |   2826 |   2781 |     45 |    786 |   1140 |   3 |  942.0 |
       Ossuary |   1081 |   1081 |      0 |    576 |     81 |   1 | 1081.0 |
      Ice Cave |    659 |    659 |      0 |    434 |     13 |   1 |  659.0 |
      Gauntlet |   1387 |   1387 |      0 |    318 |    502 |   1 | 1387.0 |
               +--------+--------+--------+--------+--------+-----+--------+

Top non-repeatable levels by time:
     D:8: 3416 daAuts
Vaults:3: 3331 daAuts
  Lair:6: 2606 daAuts
Spider:4: 2472 daAuts
   Elf:3: 2324 daAuts
Vaults:1: 2154 daAuts
Vaults:4: 2147 daAuts
Shoals:3: 2138 daAuts
     D:6: 2121 daAuts
Vaults:2: 2052 daAuts
     D:9: 1961 daAuts
     D:4: 1870 daAuts
Shoals:2: 1843 daAuts
     D:7: 1818 daAuts
  Lair:1: 1765 daAuts
